 Dungeon Crawl Stone Soup version 0.28.0 (webtiles) character file.

Game seed: 17339109511474465431

583 crazypyro the Cleaver (level 7, 0/58 HPs)
             Began as a Hill Orc Monk on Feb 12, 2022.
             Succumbed to a water moccasin's poison
             ... on level 5 of the Dungeon.
             The game lasted 00:03:34 (4794 turns).

crazypyro the Cleaver (Hill Orc Monk)               Turns: 4794, Time: 00:03:34

Health: 0/58       AC:  8    Str: 16    XL:     7   Next: 37%
Magic:  7/7        EV:  7    Int: 10    God:
Gold:   267        SH:  0    Dex: 13    Spells: 6/6 levels left

rFire   . . .      SeeInvis .   x - +0 war axe (elec)
rCold   . . .      Faith    .   (no shield)
rNeg    . . .      Spirit   .   y - +0 chain mail
rPois   .          Reflect  .   (no helmet)
rElec   .          Harm     .   (no cloak)
rCorr   .          Rampage  .   (no gloves)
Will    .....                   (no boots)
Stlth   ..........              (no amulet)
HPRegen 0.19/turn               (no ring)
MPRegen 0.10/turn               (no ring)

@: lethally poisoned (0 -> -12), on berserk cooldown, slowed, very slow
A: no striking features
a: no special abilities


You were on level 5 of the Dungeon.
You visited 1 branch of the dungeon, and saw 5 of its levels.

You collected 267 gold pieces.

Inventory:

Hand Weapons
 a - a +0 hand axe
 g - a +0 war axe
 x - a +0 war axe of electrocution (weapon)
Armour
 b - a +0 robe
 n - a +0 leather armour
 o - a +0 scale mail
 y - a +0 chain mail (worn)
Jewellery
 k - a +6 ring of intelligence
Scrolls
 c - a scroll of fog {unknown}
 d - a scroll of holy word {unknown}
 f - a scroll of vulnerability {unknown}
 h - a scroll of enchant armour {unknown}
 i - a scroll of fear {unknown}
 j - 2 scrolls of teleportation {unknown}
 l - 2 scrolls of identify {unknown}
 m - a scroll of acquirement {unknown}
 t - a scroll of magic mapping {unknown}
 u - a scroll of enchant weapon {unknown}
Potions
 e - a potion of curing {unknown}
 p - a potion of flight {unknown}
 q - a potion of berserk rage
 r - a potion of cancellation {unknown}
 s - a potion of mutation {unknown}
 v - a potion of lignification {unknown}
 w - 2 potions of heal wounds {unknown}


   Skills:
 - Level 3.8 Fighting
 * Level 9.3 Axes
 + Level 4.0 Dodging
 - Level 1.8 Stealth


You had 6 spell levels left.
You didn't know any spells.
Your spell library was empty.

Dungeon Overview and Level Annotations

Branches:
Dungeon (5/15)
 Temple: D:4-7

Altars:
Gozag
Sif Muna


Message History

The water moccasin barely misses you. The gnoll barely misses you.
You barely miss the water moccasin.
The water moccasin is heavily wounded.
You slash the gnoll!
You kill the gnoll!
You feel very sick. The water moccasin closely misses you.
You closely miss the water moccasin.
The water moccasin is heavily wounded.
You feel sick.
You slash the water moccasin!
The water moccasin is almost dead.
You feel sick. The water moccasin barely misses you.
You miss the water moccasin.
The water moccasin is almost dead.
You feel sick. The water moccasin bites you.
* * * LOW HITPOINT WARNING * * *
You miss the water moccasin.
The water moccasin is almost dead.
You feel sick. The water moccasin bites you.
* * * LOW HITPOINT WARNING * * *
You are lethally poisoned!
The water moccasin poisons you!
You slash the water moccasin!
Lightning courses through the water moccasin!
You kill the water moccasin!
* * * LOW HITPOINT WARNING * * *
You feel very sick.
Your Axes skill increases to level 9!
Your Dodging skill increases to level 4!
You are too berserk!
* * * LOW HITPOINT WARNING * * *
You feel very sick.
You feel a strong urge to attack something.
* * * LOW HITPOINT WARNING * * *
You feel sick.
You are no longer berserk.
You are exhausted.
You feel yourself slow down.
You die...

#.......... ##.........##
## ............ ....
#.........# ...
#.).......##.#
#.........#..#
#...........# .
#......@..>.#
...#..........##
...........#..# ##
#....†..#†...######.>...
$...#.)†...##............
#.....#..........###.....
..#....#.................
#...#...#.#####.###.....
#..#..#..... #.# ...


There were no monsters in sight!

Vanquished Creatures
  2 water moccasins (D:5)
  A necrophage (D:5)
  A scorpion (D:5)
  A hound (D:5)
  A bullfrog skeleton (D:3)
  A killer bee zombie (D:4)
  2 gnolls
  An adder (D:2)
  A white imp (D:4)
  An ufetubus (D:4)
  2 adder skeletons (D:4)
  3 worms
  4 dart slugs
  2 orcs
  6 bats
  5 endoplasms
  2 giant cockroaches
  10 goblins
  9 hobgoblins
  3 jackals (D:2)
  11 kobolds
  6 quokkas
  4 ball pythons
  A frilled lizard (D:3)
  A quokka skeleton (D:4)
  5 rats
86 creatures vanquished.

Notes
Turn   | Place    | Note
-------+----------+-------------------------------------------
     0 | D:1      | crazypyro the Hill Orc Monk began the quest for the Orb.
     0 | D:1      | Reached XP level 1. HP: 19/19 MP: 1/1
   270 | D:1      | Reached XP level 2. HP: 13/27 MP: 2/2
  1047 | D:1      | Reached skill level 5 in Axes
  1047 | D:1      | Reached XP level 3. HP: 14/33 MP: 3/3
  1239 | D:1      | Found a faded altar of an unknown god.
  2166 | D:2      | Reached XP level 4. HP: 31/40 MP: 4/4
  2408 | D:2      | Reached skill level 6 in Axes
  3125 | D:3      | Found a shimmering blue altar of Sif Muna.
  3498 | D:3      | Reached XP level 5. HP: 44/46 MP: 5/5
  3799 | D:4      | Reached skill level 7 in Axes
  4053 | D:4      | Found an opulent altar of Gozag.
  4363 | D:5      | Entered Level 5 of the Dungeon
  4363 | D:5      | Noticed a necrophage
  4378 | D:5      | Killed a necrophage
  4379 | D:5      | Reached XP level 6. HP: 33/52 MP: 6/6
  4509 | D:5      | Noticed a water moccasin
  4514 | D:5      | Killed a water moccasin
  4515 | D:5      | Reached skill level 8 in Axes
  4752 | D:5      | Reached XP level 7. HP: 51/58 MP: 7/7
  4792 | D:5      | Reached skill level 9 in Axes
  4793 | D:5      | HP: 3/87 [poisoned by a water moccasin]
  4794 | D:5      | Succumbed to a water moccasin's poison

Illustrated notes

Levels and vault maps discovered:
D:1:      amcnicky_arrival_blooded_trapdoor, layout_loops_ring,
          ebering_ecumenical_altar_rust
D:2:      layout_loops_corners
D:3:      layout_rooms, lemuel_tele_altar, minmay_door_square, st_stairs_1
D:4:      layout_loops_ring, nicolae_gozag_cash_rules_everything_around_me,
          st_stairs_14
D:5:      layout_rooms, mainiacjoe_overflow_24_doors, minmay_strange_pillars,
          minmay_increasing_density, uniq_prince_ribbit1, uniq_eustachio

Skill      XL: |  1  2  3  4  5  6  7 |
---------------+----------------------+-----
Axes           | 5 6 7 8 9 |  9.3
Dodging        | 3 4 |  4.0
Fighting       | |  3.8
Stealth        | |  1.8

Action                   |  1- 3 |  4- 6 |  7- 9 || total
-------------------------+-------+-------+-------++-------
Melee: Hand axe          |    64 |       |       ||    64
       War axe           |    39 |   122 |    14 ||   175
       Punch             |     1 |     1 |       ||     2
  Use: Scroll            |       |     2 |       ||     2
       Potion            |       |       |     1 ||     1
 Stab: Sleeping          |     8 |       |       ||     8
Armor: Robe              |    11 |     2 |       ||    13
       Scale mail        |       |    52 |       ||    52
       Chain mail        |       |       |     7 ||     7
Dodge: Dodged            |    48 |    67 |    10 ||   125
